 Dungeon Crawl Stone Soup version 0.18-a0-1721-gc4d1f22 (webtiles) character file.

14369 kaze the Protected (level 11, -61/91 HPs)
             Began as a Demonspawn Berserker on Apr 9, 2016.
             Was a High Priest of Trog.
             Blown up by WereVolvo's ghost (63 damage)
             ... with an orb of destruction
             ... on level 12 of the Dungeon.
             The game lasted 00:36:25 (13193 turns).

kaze the Protected (Demonspawn Berserker)          Turns: 13193, Time: 00:36:26

Health: -61/91     AC: 23    Str: 20 (21) XL:     11   Next: 87%
Magic:  11/11      EV:  8    Int:  7 (8)  God:    Trog [*****.]
Gold:   561        SH:  6    Dex: 13      Spells: 0 memorised, 10 levels left

rFire  . . .     SeeInvis +     s - +4 battleaxe
rCold  . . .     Gourm    .     I - +4 plate armour
rNeg   . . .     Faith    .     (shield currently unavailable)
rPois  .         Spirit   .     A - +0 helmet
rElec  .         Dismiss  .     (no cloak)
rCorr  .         Reflect  +     (gloves unavailable)
SustAt .         Harm     .     (no boots)
MR     ++...                    y - +6 amulet of reflection
Stlth  ..........               e - +3 ring of protection
                                j - ring of see invisible

@: liquid flames, regenerating, glowing, heavily drained, very resistant to
hostile enchantments, extremely unstealthy
A: claws 3, rugged brown scales 2, demonic guardian 1, deterioration 1, spiny 2
a: Berserk, Trog's Hand, Brothers in Arms, Burn Spellbooks, Renounce Religion


You were on level 12 of the Dungeon.
You worshipped Trog.
Trog was extremely pleased with you.
You were not hungry.

You visited 1 branch of the dungeon, and saw 12 of its levels.
You also visited: Sewer.

You collected 771 gold pieces.
You spent 210 gold pieces at shops.

Inventory:

Hand Weapons
 q - a +2 flail of protection
 s - a +4 battleaxe (weapon)
 J - a +0 blowgun
 K - the +5 dagger "Daipricroi" {freeze, MR+ Str+4 Int+2 Stlth+}
   (You found it on level 9 of the Dungeon)

   It has been specially enchanted to freeze those struck by it, causing extra
   injury to most foes and up to half again as much damage against particularly
   susceptible opponents.
   It can also slow down cold-blooded creatures.
   It affects your strength (+4).
   It affects your intelligence (+2).
   It affects your resistance to hostile enchantments.
   It makes you more stealthy.
 P - the +4 whip "Ysutoets" {freeze, *Contam *Noise MR+ MP+9 Int+5}
   (You bought it in a shop on level 10 of the Dungeon)

   It has been specially enchanted to freeze those struck by it, causing extra
   injury to most foes and up to half again as much damage against particularly
   susceptible opponents.
   It can also slow down cold-blooded creatures.
   It affects your intelligence (+5).
   It affects your resistance to hostile enchantments.
   It affects your magic capacity (+9).
   It may make noises in combat.
   It causes magical contamination when unequipped.
 Q - a +4 antimagic spear
Missiles
 f - 8 javelins of penetration (quivered)
 z - 41 poisoned needles
 H - 17 tomahawks
Armour
 n - a +0 large shield
 A - a +0 helmet (worn)
 I - a +4 plate armour (worn)
Jewellery
 e - a +3 ring of protection (right claw)
 j - a ring of see invisible (left claw)
 k - an uncursed ring of sustain attributes
 y - a +6 amulet of reflection (around neck)
Wands
 b - a wand of iceblast (14/15)
 c - a wand of iceblast (4/15)
 h - a wand of lightning (8/15)
 v - a wand of lightning (7/15)
 w - a wand of polymorph (12/24)
 E - a wand of flame (18/48)
Scrolls
 m - 3 scrolls of magic mapping
 p - a scroll of vulnerability
 u - 6 scrolls of remove curse
 B - a scroll of recharging
 C - 3 scrolls of identify
 F - a scroll of enchant weapon
 M - 3 scrolls of teleportation
Potions
 a - a potion of agility
 g - 3 potions of lignification
 i - 2 potions of might
 o - a potion of berserk rage
 r - a potion of ambrosia
 D - 6 potions of curing
 G - 2 potions of flight
Comestibles
 d - 6 fruits
 l - 2 bread rations
 t - 3 meat rations
 x - a royal jelly
 L - a beef jerky


   Skills:
 + Level 8.9(7.2) Fighting
 + Level 1.1(0.0) Short Blades
 + Level 1.5(4.4) Axes
 + Level 4.3(3.0) Maces & Flails
 + Level 7.9(6.4) Polearms
 + Level 9.4(7.7) Armour
 + Level 5.3(3.8) Dodging
 + Level 3.2(1.8) Stealth
 + Level 7.7(6.1) Shields


You had 10 spell levels left.
You didn't know any spells.

Dungeon Overview and Level Annotations

Branches:
Dungeon (12/15)            Temple (0/1) D:7            Lair (0/8) D:9
    Orc: D:9-12

Altars:
Dithmenos
Elyvilon
Fedhas
Qazlal
Ru
Vehumet
Zin

Shops:
D:6 :   D:7 %   D:10 (

Annotations:
D:10 azaza322's ghost, journeyman GrFi
D:12 WereVolvo's ghost, journeyman DEFE


Innate Abilities, Weirdness & Mutations

You have claws for hands.
You are mostly covered in rugged brown scales (AC +2, +5% HP).
A weak demonic guardian rushes to your aid.
You are mostly covered in sharp spines.
Your body sometimes deteriorates upon taking damage.


Message History

* * * LOW HITPOINT WARNING * * *
Your body deteriorates!
You feel weakened.
Your crimson imp gestures.
Your crimson imp blinks!
You are covered in liquid flames!
* * * LOW HITPOINT WARNING * * *
You feel the effects of Trog's Hand fading.
There is an open door here.
You are covered in liquid flames!
* * * LOW HITPOINT WARNING * * *
Your crimson imp disappears in a puff of smoke!
WereVolvo's ghost conjures an orb of pure magic.
An orb of destruction comes into view.
You are covered in liquid flames!
* * * LOW HITPOINT WARNING * * *
You are covered in liquid flames!
* * * LOW HITPOINT WARNING * * *
The orb of destruction hits you!
Ouch! That really hurt!
You die...

... #.###
#...# ###†#
#C#
########W###
#......§5..#
########
+.....§....#
#.......
#....@.5...+
+.......
#..........#
#.......
#..........#
#.......
####'#######
#.....†.
#..#
######'#
##.# ##.#
#<# #..#
####'######
##.##
#.........#
#....


You could see a hill giant, WereVolvo's ghost, a friendly iron imp and a
friendly crimson imp.

Vanquished Creatures
  A centaur warrior (D:11)
  A tengu warrior (D:12)
  An unseen horror (D:12)
  Pikel (D:4)
  4 ugly things
  Psyche (D:8)
  A tengu conjurer (D:12)
  A freezing wraith (D:11)
  2 trolls
  2 two-headed ogres
  Grinder (D:4)
  The ghost of Zebura the Poker, an amateur FoGl (D:4)
  Sigmund (D:2)
  2 wyverns
  3 yaks (D:7)
  Eustachio (D:6)
  A hungry ghost (D:11)
  10 ogres
  3 ice beasts
  3 orc warriors
  3 sky beasts
  A slave (D:4)
  2 black bears
  A necrophage (D:9)
  An eye of draining (D:12)
  2 phantoms
  8 centaurs
  A crocodile (D:12)
  3 big kobolds
  The ghost of suvakkihuora the Sneak, an amateur SpWr (D:9)
  5 giant frogs
  2 gnoll sergeants
  2 scorpions
  17 killer bees
  5 howler monkeys
  3 crimson imps
  A centaur zombie (D:11)
  A giant frog zombie (D:6)
  A quasit (D:10)
  5 hounds
  3 jellies (D:11)
  A gnoll shaman (D:7)
  7 orc priests
  3 giant frog skeletons
  A centaur skeleton (D:8)
  4 iguanas
  8 orc wizards
  6 worker ants
  A killer bee zombie (D:8)
  A hound zombie (D:10)
  15 gnolls
  13 adders
  A river rat (Sewer)
  A shadow imp (D:11)
  2 adder skeletons (D:7)
  4 worms
  3 dart slugs
  9 giant geckos
  58 orcs
  4 giant cockroaches
  6 goblins
  9 hobgoblins
  14 jackals
  6 quokkas
  3 ball pythons
  7 bats
  A giant cockroach zombie (D:6)
  4 giant newts
  2 jackal skeletons (D:4)
  18 kobolds
  14 rats
335 creatures vanquished.

Vanquished Creatures (collateral kills)
  A death knight (D:11)
  A manticore (D:11)
  A freezing wraith (D:11)
  2 wraiths (D:11)
  An eye of draining (D:10)
  A centaur (D:11)
  2 killer bees (D:9)
  A crimson imp (D:10)
10 creatures vanquished.

Vanquished Creatures (others)
  A slave (D:4)
1 creature vanquished.

Grand Total: 346 creatures vanquished

Notes
Turn   | Place    | Note
--------------------------------------------------------------
     0 | D:1      | kaze the Demonspawn Berserker began the quest for the Orb.
     0 | D:1      | Reached XP level 1. HP: 18/18 MP: 1/1
   687 | D:1      | Gained mutation: You are partially covered in sharp spines. [demonic ancestry]
   687 | D:1      | Reached XP level 2. HP: 24/24 MP: 2/2
   886 | D:1      | Reached skill level 2 in Armour
  1486 | D:2      | Gained mutation: You have sharp fingernails. [demonic ancestry]
  1486 | D:2      | Reached XP level 3. HP: 25/29 MP: 3/3
  1526 | D:2      | Reached ** piety under Trog
  1749 | D:2      | Noticed Sigmund
  1759 | D:2      | Killed Sigmund
  1759 | D:2      | Reached skill level 3 in Armour
  1759 | D:2      | Gained mutation: You are mostly covered in sharp spines. [demonic ancestry]
  1759 | D:2      | Reached XP level 4. HP: 37/37 MP: 4/4
  1759 | D:2      | Gained mutation: You are partially covered in rugged brown scales (AC +1, +3% HP). [demonic ancestry]
  1759 | D:2      | Reached XP level 5. HP: 43/43 MP: 5/5
  2033 | D:3      | Found a stormy altar of Qazlal.
  2211 | D:3      | Reached XP level 6. HP: 50/50 MP: 6/6
  2675 | D:4      | Noticed Zebura's ghost (amateur FoGl)
  2693 | D:4      | Killed Zebura's ghost
  2860 | D:4      | Reached skill level 5 in Fighting
  2862 | D:4      | Reached XP level 7. HP: 34/57 MP: 7/7
  2862 | D:4      | Reached *** piety under Trog
  3075 | D:4      | Noticed Grinder
  3077 | D:4      | Noticed Pikel
  3101 | D:4      | Reached skill level 4 in Armour
  3111 | D:4      | Killed Pikel
  3111 | D:4      | Reached skill level 5 in Polearms
  3111 | D:4      | Reached skill level 5 in Armour
  3111 | D:4      | Gained mutation: You have very sharp fingernails. [demonic ancestry]
  3111 | D:4      | Reached XP level 8. HP: 54/65 MP: 8/8
  3117 | D:4      | Paralysed by Grinder for 4 turns
  3121 | D:4      | Killed Grinder
  3266 | D:4      | Reached skill level 6 in Armour
  3745 | D:5      | Entered Level 5 of the Dungeon
  3811 | D:5      | Found a sacrificial altar of Ru.
  3865 | D:5      | Reached skill level 1 in Stealth
  3890 | D:5      | Reached **** piety under Trog
  4253 | D:5      | Gained mutation: You are mostly covered in rugged brown scales (AC +2, +5% HP). [demonic ancestry]
  4253 | D:5      | Reached XP level 9. HP: 63/73 MP: 9/9
  4725 | D:6      | Found a glowing drain.
  4743 | Sewer    | Entered a sewer
  4810 | Sewer    | Reached skill level 7 in Armour
  4830 | Sewer    | Found a glowing silver altar of Zin.
  4899 | D:6      | Found a glowing silver altar of Zin.
  5009 | D:6      | Noticed Eustachio
  5010 | D:6      | Found Jics's Book Emporium.
  5022 | D:6      | Killed Eustachio
  5107 | D:6      | Gained mutation: You are robust (+10% HP). [potion of beneficial mutation]
  5341 | D:6      | Gained mutation: Your muscles are strong. (Str +2) [potion of mutation]
  5341 | D:6      | Gained mutation: You occasionally shout uncontrollably at your foes. [potion of mutation]
  5341 | D:6      | Gained mutation: Your spells are a little harder to cast, but a little more powerful. [potion of mutation]
  5342 | D:6      | Lost mutation: Your muscles are strong. (Str +2) [potion of cure mutation]
  5342 | D:6      | Lost mutation: You occasionally shout uncontrollably at your foes. [potion of cure mutation]
  5342 | D:6      | Lost mutation: You are robust (+10% HP). [potion of cure mutation]
  5342 | D:6      | Lost mutation: Your spells are a little harder to cast, but a little more powerful. [potion of cure mutation]
  5871 | D:7      | Found a staircase to the Ecumenical Temple.
  6165 | D:7      | Reached skill level 1 in Maces & Flails
  6424 | D:7      | Found Liamae's Food Emporium.
  6566 | D:8      | Noticed Psyche
  6567 | D:8      | Reached skill level 1 in Shields
  6567 | D:8      | Gained mutation: A weak demonic guardian rushes to your aid. [demonic ancestry]
  6567 | D:8      | Reached XP level 10. HP: 81/82 MP: 10/10
  6577 | D:8      | Killed Psyche
  6715 | D:8      | Reached ***** piety under Trog
  7576 | D:8      | Found a blossoming altar of Fedhas.
  7712 | D:8      | Found a radiant altar of Vehumet.
  7893 | D:9      | Found a staircase to the Lair.
  7916 | D:9      | Got a brightly glowing dagger
  7917 | D:9      | Identified the +5 dagger "Daipricroi" {freeze, MR+ Str+4 Int+2 Stlth+} (You found it on level 9 of the Dungeon)
  7919 | D:9      | Noticed suvakkihuora's ghost (amateur SpWr)
  7923 | D:9      | Killed suvakkihuora's ghost
  8081 | D:9      | Found a white marble altar of Elyvilon.
  8572 | D:9      | Received a gift from Trog
  8572 | D:9      | Reached skill level 8 in Armour
  8808 | D:10     | Entered Level 10 of the Dungeon
  9260 | D:10     | Noticed a purple ugly thing
  9272 | D:10     | Killed a purple ugly thing
  9341 | D:10     | Reached skill level 1 in Short Blades
  9393 | D:10     | Found Makare's Antique Weapon Shoppe.
  9399 | D:10     | Bought a faintly glowing whip for 210 gold pieces
  9399 | D:10     | Identified the +4 whip "Ysutoets" {freeze, *Contam *Noise MR+ MP+9 Int+5} (You bought it in a shop on level 10 of the Dungeon)
  9440 | D:10     | Reached skill level 5 in Shields
  9446 | D:10     | Gained mutation: Your body sometimes deteriorates upon taking damage. [mutagenic glow]
  9833 | D:10     | Noticed azaza322's ghost (journeyman GrFi)
 10944 | D:10     | Gained mutation: You have claws for hands. [demonic ancestry]
 10944 | D:10     | Reached XP level 11. HP: 90/90 MP: 11/11
 11097 | D:11     | Reached skill level 5 in Dodging
 11319 | D:11     | Received a gift from Trog
 11381 | D:11     | Noticed a green ugly thing
 11390 | D:11     | Killed a green ugly thing
 11633 | D:11     | Noticed a cyan ugly thing
 11645 | D:11     | Killed a cyan ugly thing
 12099 | D:11     | Noticed a centaur warrior
 12117 | D:11     | Killed a centaur warrior
 12592 | D:11     | Found a shadowy altar of Dithmenos.
 12677 | D:11     | Noticed a death knight
 12698 | D:11     | Reached skill level 9 in Armour
 12701 | D:11     | Killed a death knight
 12983 | D:12     | Noticed a tengu warrior
 12998 | D:12     | Killed a tengu warrior
 12998 | D:12     | Reached skill level 1 in Axes
 13168 | D:12     | Noticed a brown ugly thing
 13170 | D:12     | Noticed an unseen horror
 13170 | D:12     | Noticed WereVolvo's ghost (journeyman DEFE)
 13170 | D:12     | Noticed a hill giant
 13174 | D:12     | Killed an unseen horror
 13183 | D:12     | Killed a brown ugly thing
 13192 | D:12     | HP: 4/91 [burnt (7)]
 13193 | D:12     | HP: 1/91 [burnt (4)]
 13193 | D:12     | Blown up by WereVolvo's ghost

Vault maps used:
D:1:      minmay_arrival_arboretum_small, minmay_fountain_box
D:2:      uniq_sigmund
D:3:      nicolae_overflow_crystal_walls, first_bread
D:4:      uniq_pikel, uniq_grinder
D:5:      nicolae_ru_great_annihilating_truth, small_statue_intersection
D:6:      serial_shops, nicolae_shop_waterfront, portal_sewer_entry_f,
          basic_altar, uniq_eustachio
D:7:      minmay_temple_entry_trees, serial_shops, kennysheep_little_box
D:8:      hangedman_tree_tricks, lemuel_statue_altar, uniq_psyche
D:9:      dpeg_oklobed_lair, basic_altar
D:10:     special_room, serial_shops, shop, kennysheep_generic_room_5
D:11:     grunt_dithmenos_shadows
D:12:     orc_david_3
Sewer:    sewer_kobolds

Skill      XL: |  1  2  3  4  5  6  7  8  9 10 11 |
---------------+----------------------------------+-----
Armour         | 2 3 5 6 7 8 9 |  9.4
Polearms       | 3 4 5 6 7 |  7.9
Fighting       | 4 5 6 7 8 |  8.9
Dodging        | 2 3 4 5 |  5.3
Stealth        | 1 2 3 |  3.2
Maces & Flails | 1 3 4 |  4.3
Shields        | 1 5 7 |  7.7
Short Blades   | 1 |  1.1
Axes           | 1 |  1.5

Action                   |  1- 3 |  4- 6 |  7- 9 | 10-12 || total
-------------------------+-------+-------+-------+-------++-------
Melee: Spear             |   122 |       |       |       ||   122
       Scythe            |       |    60 |   202 |       ||   262
       Flail             |       |       |    50 |   346 ||   396
       Dagger            |       |       |       |   137 ||   137
       Whip              |       |       |       |    24 ||    24
       Battleaxe         |       |       |       |    52 ||    52
Invok: Berserk           |     1 |     2 |     3 |    14 ||    20
       Trog's Hand       |     1 |       |     1 |     7 ||     9
       Burn Spellbooks   |       |     1 |     1 |       ||     2
       Brothers in Arms  |       |       |       |     2 ||     2
  Use: Scroll            |       |     7 |     3 |    10 ||    20
       Potion            |       |       |    14 |     5 ||    19
 Stab: Paralysed         |       |       |     1 |       ||     1
       Distracted        |       |       |       |     2 ||     2
  Eat: Meat ration       |     1 |       |       |       ||     1
       Bread ration      |       |     1 |     3 |     2 ||     6
       Chunk             |       |       |     5 |    10 ||    15
       Fruit             |       |       |     2 |    20 ||    22
       Beef jerky        |       |       |       |     2 ||     2
